 Dungeon Crawl Stone Soup version 0.30-a0-39-g42789b21ef (webtiles) character file.

Game seed: 12716019770598678717

19 flotson the Sneak (level 2, -1/24 HPs)
             Began as a Demonspawn Delver on Aug 28, 2022.
             Slain by a hobgoblin (3 damage)
             ... on level 4 of the Dungeon.
             The game lasted 00:01:48 (481 turns).

flotson the Sneak (Demonspawn Delver)                Turns: 481, Time: 00:01:49

Health: -1/24      AC:  3    Str: 12    XL:     2   Next: 55%
Magic:  2/2        EV: 12    Int: 11    God:
Gold:   11         SH:  0    Dex: 14    Spells: 1/1 levels left

rFire   . . .      SeeInvis .    a - +0 hand axe
rCold   . . .      Faith    .    (no shield)
rNeg    . . .      Spirit   .    b - +0 leather armour
rPois   .          Reflect  .    (no helmet)
rElec   .          Harm     .    (no cloak)
rCorr   .          Rampage  .    (no gloves)
Will    .....                    (no boots)
Stlth   ++........               (no amulet)
HPRegen 0.08/turn                (no ring)
MPRegen 0.16/turn                (no ring)

@: lethally poisoned (-1 -> -3), attractive, hasted, very quick
A: magic regeneration
a: no special abilities


You were on level 4 of the Dungeon.
You visited 1 branch of the dungeon, and saw 2 of its levels.

You collected 11 gold pieces.

Inventory:

Hand Weapons
 a - a +0 hand axe (weapon)
Armour
 b - a +0 leather armour (worn)
Wands
 g - a wand of digging (2)
Scrolls
 c - a scroll of fog
 d - a scroll of magic mapping
 e - a scroll of fear


   Skills:
 + Level 3.2 Fighting
 + Level 2.0 Axes
 + Level 0.6 Armour
 + Level 2.0 Dodging
 - Level 4.5 Stealth
 + Level 0.8 Evocations


You had one spell level left.
You didn't know any spells.
Your spell library was empty.

Dungeon Overview and Level Annotations

Branches:
Dungeon (5/15)
 Temple: D:4-7

Altars:

Shops:
D:4 [


Innate Abilities, Weirdness & Mutations

You regenerate magic rapidly.


Message History

The adder bites you but does no damage.
The hobgoblin shouts!
You hit the adder.
The adder is lightly wounded.
You feel sick.
You are no longer poisoned.
The adder closely misses you.
You hit the adder.
The adder is heavily wounded.
The adder barely misses you.
You closely miss the adder.
The adder is heavily wounded.
The adder barely misses you.
You miss the adder.
The adder is heavily wounded.
The adder bites you.
You hit the adder.
The adder is severely wounded.
The adder bites you.
You are poisoned.
The adder poisons you!
You closely miss the adder.
The adder is severely wounded.
You closely miss the hobgoblin.
You feel sick. The adder bites you.
* * * LOW HITPOINT WARNING * * *
The hobgoblin barely misses you.
You hit the adder.
You kill the adder!
You hit the hobgoblin but do no damage.
* * * LOW HITPOINT WARNING * * *
You feel sick. The hobgoblin barely misses you.
Your Axes skill increases to level 2!
Your Dodging skill increases to level 2!
It was a potion of attraction.
You feel attractive to monsters.
* * * LOW HITPOINT WARNING * * *
You feel sick.
Unknown command.
You closely miss the hobgoblin. The hobgoblin hits you.
You die...

## .## ..# #.# #.# .
######.## #### #### ...
........)####~~####~~##....
..####.#...@รท~~~~~~~~~..#
#.###g##~~####~~####
#.###..#~## #### #.#.).>#~#
#.#'####~# #....# #~#
#....# #~~ #...)# ~~~~
#....# #~~##


You could see a hobgoblin.

Vanquished Creatures
  An adder (D:4)
  A worm (D:4)
  3 orcs (D:4)
  A rat (D:4)
6 creatures vanquished.

Notes
Turn   | Place    | Note
-------+----------+-------------------------------------------
     0 | D:5      | flotson the Demonspawn Delver began the quest for the Orb.
     0 | D:5      | Reached XP level 1. HP: 18/18 MP: 1/1
    18 | D:5      | Noticed a scorpion
    55 | D:5      | Noticed an ogre
    75 | D:4      | Found Ygunnutz's Armour Emporium.
   196 | D:4      | Gained mutation: You regenerate magic rapidly. [demonic
                  | ancestry]
   196 | D:4      | Reached XP level 2. HP: 2/24 MP: 2/2
   481 | D:4      | Slain by a hobgoblin

Illustrated notes

Levels and vault maps discovered:
D:4:      layout_basic, minmay_temple_entry_stoned_glass,
          gup_sewer_entry_bubbles, minmay_shop_grid_forest
D:5:      layout_gridville, serial_shops, nicolae_shop_waterfront,
          minmay_misc_feat_x, minmay_manual_maat

Skill      XL: |  1  2 |
---------------+-------+-----
Axes           | 2 |  2.0
Dodging        | 2 |  2.0
Fighting       | |  3.2
Armour         | |  0.6
Stealth        | |  4.5
Evocations     | |  0.8

Action                   || total
-------------------------++-------
Melee: Hand axe          ||    31
Evoke: Wand              ||     1
  Use: Potion            ||     2
 Stab: Distracted        ||     1
Armor: Leather armour    ||     5
Dodge: Dodged            ||    17

Table legend: (Time is in decaauts)
 A = Elapsed time spent in this place.
 B = Non-inter-level travel time spent in this place.
 C = Inter-level travel time spent in this place.
 D = Time resting spent in this place.
 E = Time spent auto-exploring this place.
 F = Levels seen in this place.
 G = Mean time per level.
                   A        B        C        D        E       F      G
               +--------+--------+--------+--------+--------+-----+--------+
         Total |    493 |    493 |      0 |    302 |     20 |   2 |  246.5 |
       Dungeon |    493 |    493 |      0 |    302 |     20 |   2 |  246.5 |
               +--------+--------+--------+--------+--------+-----+--------+

Top non-repeatable levels by time:
     D:4: 432 daAuts
     D:5: 61 daAuts
